Cogmind - Beta 15 @@@ ROGUE MODE // 2025.06.03 @ 04:50:41 Player: Sen Result: Self-destructed Performance ------------- Evolutions (2) 1000 Regions Visited (5) 1000 Robots Destroyed (45) 225 Value Destroyed (1327) 1327 Prototype IDs (0) 0 Alien Tech Used (0) 0 Bonus (103) 103 TOTAL SCORE: 3655 Bonus ------- Follower Combat Kills 103 Cogmind --------- Core Integrity 96/550 Matter 97/300 Energy 100/100 System Corruption 5% Temperature Cool (0) Movement Core (50) Location -8/Storage Parts ------- > --- POWER (1) -------- (None) > --- PROPULSION (3) --- (None) > --- UTILITY (5) ------ Signal Interpreter > --- WEAPON (2) ------- (None) > --- INVENTORY (5) ---- Structural Scanner Improved Sensor Array Peak State ------------ > --- POWER ------------ Light Nuclear Core > --- PROPULSION ------- Aluminum Leg Armored Wheel Armored Wheel > --- UTILITY ---------- Machine Analyzer Signal Interpreter Hardened Light Armor Plating Hacking Suite System Shield > --- WEAPON ----------- Particle Cannon Axe > --- INVENTORY -------- Ion Engine Structural Scanner Improved Sensor Array Grenade Launcher Grenade Launcher [Rating: 25] Favorites ----------- Power Ion Engine Engine Ion Engine Power Core Light Nuclear Core Propulsion Aluminum Leg Leg Aluminum Leg Wheel Armored Wheel Utility Small Storage Unit Device Heat Sink Storage Small Storage Unit Processor Signal Interpreter Hackware System Shield Protection Medium Armor Plating Weapon Particle Cannon Energy Gun Medium Laser Energy Cannon Particle Cannon Ballistic Cannon Light Cannon Launcher Grenade Launcher Slashing Weapon Axe Build | -11 -10 -9 -9 -8 -8 ------- Run | Yrd Mat Mat Min Mat Sto Slots Evolved 4 | . . 2 . 2 . Power . | . . . . . . Propulsion 1 | . . . . 1 . Utility 3 | . . 2 . 1 . Weapon . | . . . . . . Parts Attached 40 | 6 8 8 1 14 3 Power 4 | 1 . 2 . . 1 Engine 3 | 1 . 2 . . . Core 1 | . . . . . 1 Reactor . | . . . . . . Propulsion 9 | 2 2 2 . 3 . Treads . | . . . . . . Leg 7 | 2 2 2 . 1 . Wheel 2 | . . . . 2 . Hover . | . . . . . . Flight . | . . . . . . Utility 13 | 1 2 2 1 6 1 Device 6 | . 2 2 . 1 1 Storage 1 | 1 . . . . . Processor 2 | . . . . 2 . Hackware 2 | . . . . 2 . Protection 2 | . . . 1 1 . Artifact . | . . . . . . Weapon 14 | 2 4 2 . 5 1 Energy Gun 4 | 2 2 . . . . Energy Cannon 3 | . . 2 . 1 . Ballistic Gun . | . . . . . . Ballistic Cannon 1 | . 1 . . . . Launcher 5 | . 1 . . 4 . Special Weapon . | . . . . . . Impact Weapon . | . . . . . . Slashing Weapon 1 | . . . . . 1 Piercing Weapon . | . . . . . . Special Melee Weapon . | . . . . . . Unidentified Prototypes . | . . . . . . Parts Lost 12 | . . 2 . 1 9 Power 1 | . . . . . 1 Propulsion 2 | . . 1 . . 1 Utility 5 | . . 1 . . 4 Weapon 4 | . . . . 1 3 Highest Loss Streak 9 | . . 2 . 1 9 To Critical Strikes . | . . . . . . Average Backups 5 | . 5 7 7 5 4 Power 1 | . 1 2 2 1 . Propulsion . | . . . 1 . . Utility 1 | . . 1 1 1 2 Weapon 2 | . 2 3 3 2 1 Tool/Special . | . . . . . . Unused Backups 8 | . 3 1 . 4 . Power 2 | . 1 . . 1 . Propulsion 1 | . . 1 . . . Utility 1 | . . . . 1 . Weapon 4 | . 2 . . 2 . Tool/Special . | . . . . . . Average Slot Usage (%) 91 | . 88 88 98 98 76 Engine 10 | . 14 11 11 9 4 Leg 18 | . 27 21 22 10 7 Wheel 5 | . . . . 16 11 Device 12 | . 4 22 22 9 4 Storage 8 | . 14 11 11 3 . Processor 5 | . . . . 13 13 Hackware 6 | . . . . 17 14 Protection 2 | . . . 9 1 4 Energy Gun 7 | . 26 4 . . . Energy Cannon 10 | . . 17 22 11 3 Launcher 2 | . . . . 5 7 Peak Build Rating 25 | 6 7 11 13 24 25 Average Rating 13 | 4 6 9 12 21 17 On Entrance 9 | . 6 7 10 13 22 Naked Turns . | . . . . . . Heaviest Build 27 | 13 16 21 27 27 20 Greatest Support 30 | 20 20 20 20 30 24 Greatest Overweight (x) 3 | 3 . 2 1 2 1 Average Overweight (x) . | . . . . . . Largest Inventory Capacity 8 | 8 8 8 8 8 5 Average Capacity 7 | 7 8 8 8 6 5 Most Carried 8 | 2 8 8 8 8 5 Average Carried 5 | . 5 7 7 5 3 Final Capacity 8 | 8 8 8 8 5 5 Final Carried 8 | 2 7 8 8 5 2 Class Distribution -------------------- 39% | Mutant 26% | Scavenger-Mutant 17% | Hacker-Mutant 16% | Hacker-Skirmisher Dominant Class ---------------- Mutant | -10/Materials Scavenger-Mutant | -9/Materials Scavenger-Mutant | -9/Mines Hacker-Skirmisher | -8/Materials Mutant | -8/Storage Resources | -11 -10 -9 -9 -8 -8 ----------- Run | Yrd Mat Mat Min Mat Sto Matter Collected 841 | 146 300 102 10 93 190 Remotely . | . . . . . . Salvage Created 1159 | . 316 333 27 216 267 Parts 59 | . 20 7 1 16 15 Haulers Intercepted . | . . . . . . Recyclers Shooed 2 | . 2 . . . . Parts Field Recycled . | . . . . . . Retrieved Matter . | . . . . . . Parts Self-Destructed . | . . . . . . Prevented . | . . . . . . Kills | -11 -10 -9 -9 -8 -8 ------- Run | Yrd Mat Mat Min Mat Sto Combat Hostiles Destroyed 34 | . 10 7 . 9 8 Melee 1 | . . . . . 1 Guns 4 | . 4 . . . . Cannons 6 | . 1 5 . . . AOE 21 | . 5 . . 9 7 Classes Destroyed 12 | . 5 1 1 2 3 Worker 1 | . . . 1 . . Builder 4 | . 1 . . 3 . Recycler 1 | . 1 . . . . Mechanic 1 | . . . . . 1 Operator 2 | . . . . 1 1 Watcher 2 | . 1 . . 1 . Swarmer 9 | . 6 . . 3 . Grunt 19 | . 4 6 . 4 5 Brawler 2 | . . . . . 2 Duelist 1 | . . . . 1 . Protector 1 | . . . . . 1 Sentry 2 | . . 1 . 1 . Best Kill Streak 9 | . 4 2 1 5 9 Combat Bots Only 7 | . 3 2 . 3 7 Max Kills in Single Turn 4 | . 3 1 1 2 4 Gunslinging . | . . . . . . Exploded 3 | . 3 . . 2 2 Melee 1 | . . . . . 1 Uniques/NPCs Destroyed . | . . . . . . Combat | -11 -10 -9 -9 -8 -8 -------- Run | Yrd Mat Mat Min Mat Sto Hostile Shots Fired 236 | . 57 45 . 32 102 Missed 69 | . 16 7 . 9 37 Hits 167 | . 41 38 . 23 65 Melee 10 | . . . . . 10 Projectile 157 | . 41 38 . 23 55 Critical Strikes 8 | . 1 1 . 2 4 Damage Taken 2465 | . 455 505 . 337 1168 Core 676 | . 94 128 . 30 424 Absorbed by Shields . | . . . . . . Regen/Repaired (Parts) 110 | . 98 . . 12 . Core Remaining (%) 76 | 100 62 . 68 . . Volleys Fired 89 | . 36 23 1 15 14 Largest 2 | . 2 2 2 2 1 Hottest 136 | . 100 136 136 136 68 Shots Fired 155 | . 68 46 2 25 14 Gun 72 | . 60 12 . . . Cannon 56 | . 4 34 2 8 8 Launcher 27 | . 4 . . 17 6 Special . | . . . . . . Kinetic 4 | . 4 . . . . Thermal 124 | . 60 46 2 8 8 Explosive 27 | . 4 . . 17 6 Electromagnetic . | . . . . . . Robot Hit Streak 11 | . 7 11 2 5 3 Robot Miss Streak 3 | . 3 3 . 2 1 Penetration Max . | . . . . . . Secondary Targets 1 | . 1 . . . . Max Gunslinging Chain 1 | . 1 . . . . Shots Hit Robots 95 | . 39 34 1 11 10 Core Hits 90 | . 23 8 1 25 33 Critical Kills 1 | . . . . 1 . Critical Parts Destroyed . | . . . . . . Critical Strikes 2 | . 1 . . 1 . Burn 1 | . 1 . . . . Meltdown 1 | . . . . 1 . Melee Attacks 5 | . . . . . 5 Impact . | . . . . . . Slashing 5 | . . . . . 5 Piercing . | . . . . . . Sneak Attacks . | . . . . . . Combat Hostiles . | . . . . . . Follow-up Attacks . | . . . . . . Damage Inflicted 3882 | . 906 617 20 1095 1244 Guns 624 | . 499 125 . . . Cannons 768 | . 53 491 20 81 123 Explosions 2415 | . 354 . . 1014 1047 Melee 74 | . . . . . 74 Ramming 1 | . . 1 . . . Kinetic 53 | . 53 . . . . Thermal 1339 | . 499 616 20 81 123 Explosive 2357 | . 354 . . 956 1047 Electromagnetic 58 | . . . . 58 . Impact . | . . . . . . Slashing 74 | . . . . . 74 Piercing . | . . . . . . Highest Corruption 5 | . . . . . 5 Average Corruption 4 | . . . . . 4 Corruption Purged . | . . . . . . Corruption Blocked . | . . . . . . Effects 2 | . . . . . 2 Energy Discharges 1 | . . . . . 1 Data Loss (minor) 1 | . . . . . 1 Overload Shots . | . . . . . . Overflow Damage 8 | . 3 . . 3 2 Projectiles . | . . . . . . Explosions 8 | . 3 . . 3 2 Melee . | . . . . . . Knockbacks 2 | . 2 . . . . Impact . | . . . . . . Kinetic 2 | . 2 . . . . Secondary . | . . . . . . Self-Inflicted Damage 46 | . 18 . . 28 . Shots 2 | . 1 . . 1 . Rammed . | . . . . . . Targets Rammed 1 | . . 1 . . . Kicked 1 | . . 1 . . . Crushed . | . . . . . . Highest Temperature 359 | . 359 282 45 141 90 Average Temperature 88 | . 109 97 26 46 29 Received Heat Transfer 1095 | . 198 258 . 162 477 Effects 4 | . 4 . . . . Shutdowns 1 | . 1 . . . . Energy Bleed 1 | . 1 . . . . Interference 2 | . 2 . . . . Siege Activations . | . . . . . . Martial Activations . | . . . . . . Shielding Activations . | . . . . . . Robots Disrupted . | . . . . . . Combat Hostiles . | . . . . . . Robots Corrupted . | . . . . . . Combat Hostiles . | . . . . . . Parts Fried 1 | . . . . 1 . Impact Corruptions . | . . . . . . Robots Melted 3 | . . 2 . 1 . Combat Hostiles 2 | . . 2 . . . Parts Melted 9 | . 2 7 . . . Heat Transferred 3209 | . 1554 1258 37 148 212 Parts Sabotaged . | . . . . . . Parts Stolen . | . . . . . . Parts Stripped . | . . . . . . Power Chain Reactions . | . . . . . . Alert | -11 -10 -9 -9 -8 -8 ------- Run | Yrd Mat Mat Min Mat Sto Maximum Alert Level 1 | . . . . 1 1 Low Security (%) 88 | 100 100 100 100 68 71 Level 1 11 | . . . . 31 28 Level 2 . | . . . . . . Level 3 . | . . . . . . Level 4 . | . . . . . . Level 5 . | . . . . . . High Security . | . . . . . . Max Security . | . . . . . . Peak Influence 347 | . 138 62 21 347 271 Initial 135 | . . 36 21 . 135 Average 63 | . 64 23 2 96 153 Influence Increases 1239 | . 280 212 5 436 306 Destroy 0b10 Robot/C 720 | . 200 140 . 180 200 Destroy 0b10 Robot/NC 60 | . 15 . 5 25 15 Destroy Leader 154 | . 42 40 . 42 30 Allied During Kill 11 | . . . . . 11 Successful Hack 21 | . 5 2 . 14 . Disable Machine 105 | . . 15 . 75 15 Destroy Structure 138 | . 18 . . 85 35 Partial Spotted 30 | . . 15 . 15 . Influence Decreases 1038 | . 193 245 59 113 428 Entered New Map 272 | . . 51 33 . 188 Time Decay 616 | . 193 184 26 103 110 Lost Part 110 | . . 10 . 10 90 Lost Ally 40 | . . . . . 40 Squads Dispatched 11 | . 1 2 . 4 4 Investigation 1 | . . 1 . . . Extermination . | . . . . . . Reinforcement 6 | . 1 1 . 2 2 Assault 4 | . . . . 2 2 Garrison . | . . . . . . Intercept . | . . . . . . Searches Triggered . | . . . . . . Construction Impeded 1 | . . . . 1 . Haulers Reinforced . | . . . . . . Active Scanning Responses . | . . . . . . Cargo Convoy Interrupts . | . . . . . . Stealth | -11 -10 -9 -9 -8 -8 --------- Run | Yrd Mat Mat Min Mat Sto Distress Signals 12 | . 1 . . 7 4 Communications Jammed . | . . . . . . Distress Signals . | . . . . . . Times Spotted 71 | . 18 12 . 17 24 Peak Tracking Total 13 | . 4 4 . 4 13 Tactical Retreats . | . . . . . . Traps | -11 -10 -9 -9 -8 -8 ------- Run | Yrd Mat Mat Min Mat Sto Traps Triggered 1 | . . 1 . . . Indirectly . | . . . . . . Trap Hack Attempts . | . . . . . . Triggered . | . . . . . . Disarmed . | . . . . . . Reprogrammed . | . . . . . . Reused . | . . . . . . Traps Extracted . | . . . . . . Installed . | . . . . . . Triggered . | . . . . . . Machines | -11 -10 -9 -9 -8 -8 ---------- Run | Yrd Mat Mat Min Mat Sto Machines Disabled 7 | . . 1 . 5 1 Max in Single Turn 2 | . . 1 . 2 1 Garrison Access 1 | . . . . 1 . Machines Repaired . | . . . . . . Machines Dismantled . | . . . . . . Machines Sabotaged . | . . . . . . Overloaded Fab Kills . | . . . . . . Hacking | -11 -10 -9 -9 -8 -8 --------- Run | Yrd Mat Mat Min Mat Sto Machines Accessed 11 | . 2 2 . 5 2 Terminals 7 | . . 1 . 4 2 Fabricators . | . . . . . . Repair Stations 2 | . 1 . . 1 . Recycling Units 1 | . 1 . . . . Scanalyzers 1 | . . 1 . . . Garrison Access . | . . . . . . Total Hacks 33 | . 8 7 . 16 2 Successful 19 | . 6 3 . 8 2 Failed 14 | . 2 4 . 8 . Catastrophic 2 | . . . . 2 . Database Lockouts . | . . . . . . Manual 2 | . 2 . . . . Terminals 19 | . . 3 . 14 2 Fabricators . | . . . . . . Repair Stations 9 | . 7 . . 2 . Recycling Units 1 | . 1 . . . . Scanalyzers 4 | . . 4 . . . Garrison Access . | . . . . . . Terminal Hacks 8 | . . . . 6 2 Record 2 | . . . . 2 . Open Door 2 | . . . . . 2 Maintenance Status 1 | . . . . 1 . Surveillance Status 1 | . . . . 1 . Patrol Status 1 | . . . . 1 . Zone Layout 1 | . . . . 1 . Fabricator Hacks . | . . . . . . Repair Station Hacks 7 | . 5 . . 2 . Scan Component 4 | . 3 . . 1 . Repair 3 | . 2 . . 1 . Recycling Unit Hacks . | . . . . . . Scanalyzer 3 | . . 3 . . . Insert Component 2 | . . 2 . . . Analyze 1 | . . 1 . . . Garrison Access Hacks . | . . . . . . Unauthorized Hacks . | . . . . . . Terminals . | . . . . . . Fabricators . | . . . . . . Repair Stations . | . . . . . . Recycling Units . | . . . . . . Scanalyzers . | . . . . . . Garrison Access . | . . . . . . Data Cores Recovered 1 | . . . . 1 . Used 1 | . . . . 1 . Hacking Detections 10 | . 2 2 . 5 1 Full Trace Events . | . . . . . . Feedback Events . | . . . . . . Feedback Blocked . | . . . . . . Robot Schematics Acquired . | . . . . . . Robots Built . | . . . . . . Authchips . | . . . . . . Time . | . . . . . . Total Robot Build Rating . | . . . . . . Part Schematics Acquired 1 | . . 1 . . . Parts Built . | . . . . . . Authchips . | . . . . . . Time . | . . . . . . Total Part Build Rating . | . . . . . . Parts Repaired 3 | . 2 . . 1 . Time 78 | . 52 . . 26 . Parts Recycled . | . . . . . . Recycled Matter . | . . . . . . Retrieved Matter . | . . . . . . Retrieved Components . | . . . . . . Parts Scanalyzed 1 | . . 1 . . . Part Schematics Acquired 1 | . . 1 . . . Parts Damaged . | . . . . . . Bothacking | -11 -10 -9 -9 -8 -8 ------------ Run | Yrd Mat Mat Min Mat Sto Used RIF Installer . | . . . . . . Robots Hacked . | . . . . . . Non-combat . | . . . . . . Combat . | . . . . . . Robot Hacks Applied . | . . . . . . Relay Couplers Released 1 | . . . . 1 . Machine Destruction 1 | . . . . 1 . Fabnet Peak Effective % . | . . . . . . Robots Rewired . | . . . . . . Allies Hacked . | . . . . . . Hacks Repelled . | . . . . . . Allies | -11 -10 -9 -9 -8 -8 -------- Run | Yrd Mat Mat Min Mat Sto Total Allies 2 | . . . . . 2 Largest Group 2 | . . . . . 2 Highest-Rated Group 62 | . . . . . 62 Highest-Rated Ally 31 | . . . . . 31 Total Orders . | . . . . . . Ally Attacks 33 | . . . . . 33 Total Damage 441 | . . . . . 441 Kills 3 | . . . . . 3 Allies Corrupted 1 | . . . . . 1 Allies Melted . | . . . . . . Intel | -11 -10 -9 -9 -8 -8 ------- Run | Yrd Mat Mat Min Mat Sto Active Infowar (turns) 1477 | . 188 330 283 551 125 Sensors 498 | . . . . 415 83 Terrain 176 | . 176 . . . . Structural 737 | . 12 330 283 112 . Machine Analysis 493 | . . . . 368 125 Robot Analysis Total . | . . . . . . Derelict Logs Recovered 1 | . . . 1 . . Drone Launches 2 | . . . . . 2 Drone Recoveries 2 | . . . . . 2 Exploration | -11 -10 -9 -9 -8 -8 ------------- Run | Yrd Mat Mat Min Mat Sto Turns Passed 2097 | 60 527 439 283 553 235 Spaces Moved 1275 | 40 261 226 146 427 175 Core 67 | 14 . . . . 53 Treads . | . . . . . . Legs 689 | 26 261 226 146 20 10 Wheels 519 | . . . . 407 112 Hover . | . . . . . . Flight . | . . . . . . Fastest Speed 50 | 50 120 120 120 90 50 Average Speed 116 | 123 120 136 184 93 82 Slowest Speed 260 | 200 120 260 190 120 190 Overloaded Moves . | . . . . . . Propulsion Burnouts . | . . . . . . Robots Hopped . | . . . . . . Potential Cave-ins . | . . . . . . Cave-ins Triggered . | . . . . . . Exploration Rate (%) 29 | 3 46 21 50 32 23 Regions Visited 5 Branch Regions 2 Pre-discovered Areas . | . . . . . . Known Exits Taken 1 | . . . . 1 . Unknown Exits Taken 4 | 1 1 1 1 . . Scrap Searched 1 | . . . 1 . . Spaces Dug 17 | . . . . 10 7 Terrain Destroyed 158 | . 23 . . 98 37 Melee . | . . . . . . Projectile . | . . . . . . AOE 158 | . 23 . . 98 37 Terrain Rammed . | . . . . . . Walls Destroyed . | . . . . . . Machines Disabled . | . . . . . . Actions | -11 -10 -9 -9 -8 -8 --------- Run | Yrd Mat Mat Min Mat Sto Total 1717 | 47 404 313 158 554 241 Wait 224 | . 73 41 9 66 35 Move 1270 | 39 260 225 145 426 175 Hop . | . . . . . . Pick Up 31 | 2 13 6 1 9 . Fast Attach 22 | 6 3 3 1 8 1 Attach 10 | . . 4 . 3 3 Detach 3 | . . 2 . . 1 Swap 29 | . 11 3 . 11 4 Drop 33 | . 8 5 1 16 3 Fire 89 | . 36 23 1 15 14 Melee 5 | . . . . . 5 Ram . | . . . . . . Kick 1 | . . 1 . . . Crush . | . . . . . . Escape Stasis . | . . . . . . Rewire . | . . . . . . Trap . | . . . . . . Miscellaneous . | . . . . . . Route ------- -11/Scrapyard -10/Materials -9/Materials -9/Mines -8/Materials -8/Storage History --------- Turn | Location | Event 21 | -11/Scrapyard | Discovered new exit (range 15) 61 | -11/Scrapyard | Entered Materials 226 | -10/Materials | Repaired Med. Laser 253 | -10/Materials | Repaired Aluminum Leg 356 | -10/Materials | Build established: Mutant 550 | -10/Materials | Discovered new exit (range 4) 588 | -10/Materials | Entered another Materials area 588 | -9/Materials | Evolved 2 slots: Utility x2 1017 | -9/Materials | Discovered new exit (range 5) 1027 | -9/Materials | Entered Mines 1055 | -9/Mines | Learned Materials trap positions 1062 | -9/Mines | Build established: Scavenger-Mutant 1062 | -9/Mines | Received a Rocket Launcher from a helpful Derelict 1151 | -9/Mines | YI-UF0 nonchalantly dropped a Grenade Launcher on the ground 1219 | -9/Mines | Found a hidden stash of uninstalled traps 1284 | -9/Mines | Discovered new exit (range 6) 1310 | -9/Mines | Entered Materials 1310 | -8/Materials | Evolved 2 slots: Propulsion x1, Utility x1 1311 | -8/Materials | Loaded intel: 13 trap records 1615 | -8/Materials | Repaired Structural Scanner 1797 | -8/Materials | Discovered new exit (range 15) 1861 | -8/Materials | Identified exit to Storage 1863 | -8/Materials | Entered Storage 1878 | -8/Storage | Met a pair of Derelict thieves 2058 | -8/Storage | Destroyed 7 combat bots 2061 | -8/Storage | Core integrity fell below 50% 2085 | -8/Storage | Lost 9 parts (1p1n4u3w) 2098 | -8/Storage | Core integrity fell below 20% 2098 | -8/Storage | Self-destructed Last Messages --------------- 02036_ The unstable cave ceiling collapses. 02036_ Imp. Heat Sink crushed. 02036_ U-05 Engineer builds a Wall. 02037_ Destroyed Lgt. Angular Momentum Engine. 02037_ B-36 Bruiser destroyed. 02039_ Acquired 27 matter. 02039_ U-05 Engineer lays Concrete. 02041_ Grenade Launcher destroyed. 02041_ U-05 Engineer lays Concrete. 02042_ U-05 Engineer builds a Wall. 02044_ Drone Bay destroyed. 02046_ Lgt. Nuclear Core destroyed. 02046_ U-05 Engineer builds a Wall. 02054_ Hrd. Light Armor Plating destroyed. 02057_ Dropped Aluminum Leg. 02058_ Dropped Particle Cannon. 02059_ System Shield severed. 02060_ U-05 Engineer lays Concrete. 02063_ U-05 Engineer builds a Wall. 02063_ U-05 Engineer lays Concrete. Map ----- +----------------------------------------------------+ | | | ?????????????????????????####????????????????????? | | ?????????????????????????"""#????????????????????? | | ?????????????????????####"T"###??????????????????? | | ?????????????????????# #??????????????????? | | ?????????????????????# """#??????????????????? | | ????????????????###### """#??????????????????? | | ???????????????##! !## """#??????????????????? | | ???????????????# ! ! #=] #???????????????###? | | ???????????????# !!! # """#??????????????##T## | | ??????????????## ! # """#??????????????# = | | ??????????????# """#??????????????# = | | ???????"??????# %*= #??????????????# ## | | ???????T?? ###/######a###################+### | | ?????? " #[[]% [ = | | ?????# !% %== [=** | | ?????# ! #! ! | | ????? ! # # # ###/##/#########+#########+ | | ?????# ?### # ##gg #?? ??????????? | | ???????? ! ??##%####### """" ## ???????????? | | ????????####????#"??????#Y"??"" ## ????????????? | | ????????????????#/??????# "???"" ##?????????????? | | ???????????????? ??????#g""???" #??????????????? | | ????????????????""??????# ""??" #??????????????? | | ????????????????"???????# """" #??????????????? | | ????????????????????????#@ g #??????????????? | | ????????????????????????###########??????????????? | | ?????????????????????????????????????????????????? | | ?????????????????????????????????????????????????? | | ?????????????????????????????????????????????????? | | ?????????????????????????????????????????????????? | | ?????????????????????????????????????????????????? | | ?????????????????????????????????????????????????? | | ?????????????????????????????????????????????????? | | ?????????????????????????????????????????????????? | | ?????????????????????????????????????????????????? | | ?????????????????????????????????????????????????? | | ?????????????????????????????????????????????????? | | ?????????????????????????????????????????????????? | | ?????????????????????????????????????????????????? | | ?????????????????????????????????????????????????? | | ?????????????????????????????????????????????????? | | ?????????????????????????????????????????????????? | | ?????????????????????????????????????????????????? | | ?????????????????????????????????????????????????? | | ?????????????????????????????????????????????????? | | ?????????????????????????????????????????????????? | | ?????????????????????????????????????????????????? | | ?????????????????????????????????????????????????? | | ?????????????????????????????????????????????????? | +----------------------------------------------------+ Best States ------------- Heat Dissipation 48 Energy Generation 14 Energy Capacity 250 Matter Stores 300 Matter Capacity 300 Sight Range 16 Robot Scan Range 15 Terrain Scan Range 14 Terrain Scan Density 10 Armor Coverage 225 Evasion (%) 55 Offensive Hacking 10 Defensive Hacking 10 Item Schematics ----------------- Signal Interpreter | -9/Materials | Scanalyzed Robot Schematics ------------------ None Fabricated ------------ Nothing Repaired ---------- Med. Laser | 17% | -10/Materials Aluminum Leg | 55% | -10/Materials Structural Scanner | 40% | -8/Materials Alien Tech Used ----------------- None Achievements -------------- None Challenges ------------ None Game ------ Seed InertialJunkPod Manual? 0 Play Time 00:50:46 Cumulative 38.2 hours Start 2025.06.03 @ 03:41:05 End 2025.06.03 @ 04:50:41 Sessions 1 Manual Loads 0 Difficulty Rogue Special Mode None Game No. 40 Rogue 40 Adventurer 0 Explorer 0 Win Type - Total 0 Types 0/0/0/0/0/0/0/0/0/0 Lore% 25 Gallery% 28 Achievement% 27 Wizard Run 0 Options --------- Layout 1 ASCII 1 Keyboard 0 Movement Numpad Keybinds 0 Fullscreen 1 Font 24/Smallcaps Map View 50x35 Zoom Use 0% Tactical HUD 1 Map Filters NONE Filters NONE Steam 1 RUN: f076949e-8460-43c1-92b7-494b1e63d02a